Workbook

Sheet Facturas emitidas
A1: Nº factura | B1: Fecha emisión | C1: Fecha vencimiento | D1: Cliente | E1: NIF/CIF | F1: Ciudad | G1: Descripción | H1: Base imponible (€) | I1: Tipo IVA | J1: Cuota IVA (€) | K1: Total factura (€) | L1: Importe cobrado (€) | M1: Pendiente (€) | N1: Días hasta vencimiento | O1: Estado | P1: Días de retraso | Q1: Observaciones
A2: FE-2026-001 | B2: 46032 | C2: 46062 | D2: Lucía García | E2: 12345678Z | F2: Madrid | G2: Servicios de diseño web | H2: 1250 | I2: 0.21 | J2: =IF($A2="","",$H2*$I2) | K2: =IF($A2="","",$H2+$J2) | L2: 1512.5 | M2: =IF($A2="","",MAX(0,$K2-$L2)) | N2: =IF($A2="","",$C2-TODAY()) | O2: =IF($A2="","",IF($M2=0,"Cobrada",IF($C2<TODAY(),"Vencida",IF($C2-TODAY()<=7,"Próxima a vencer","Pendiente")))) | P2: =IF($A2="","",IF(AND($M2>0,$C2<TODAY()),TODAY()-$C2,0)) | Q2: Pago completo recibido
A3: FE-2026-002 | B3: 46073 | C3: 46103 | D3: Martín López | E3: 23456789D | F3: Barcelona | G3: Consultoría estratégica | H3: 4800 | I3: 0.21 | J3: =IF($A3="","",$H3*$I3) | K3: =IF($A3="","",$H3+$J3) | L3: 2500 | M3: =IF($A3="","",MAX(0,$K3-$L3)) | N3: =IF($A3="","",$C3-TODAY()) | O3: =IF($A3="","",IF($M3=0,"Cobrada",IF($C3<TODAY(),"Vencida",IF($C3-TODAY()<=7,"Próxima a vencer","Pendiente")))) | P3: =IF($A3="","",IF(AND($M3>0,$C3<TODAY()),TODAY()-$C3,0)) | Q3: Pago parcial pendiente de completar
A4: FE-2026-003 | B4: 46096 | C4: 46126 | D4: Sofía Navarro | E4: 34567890F | F4: Valencia | G4: Formación profesional | H4: 760 | I4: 0.1 | J4: =IF($A4="","",$H4*$I4) | K4: =IF($A4="","",$H4+$J4) | L4: 836 | M4: =IF($A4="","",MAX(0,$K4-$L4)) | N4: =IF($A4="","",$C4-TODAY()) | O4: =IF($A4="","",IF($M4=0,"Cobrada",IF($C4<TODAY(),"Vencida",IF($C4-TODAY()<=7,"Próxima a vencer","Pendiente")))) | P4: =IF($A4="","",IF(AND($M4>0,$C4<TODAY()),TODAY()-$C4,0)) | Q4: Pago completo recibido
A5: FE-2026-004 | B5: 46121 | C5: 46151 | D5: Hugo Pérez | E5: 45678901G | F5: Sevilla | G5: Mantenimiento informático | H5: 2100 | I5: 0.21 | J5: =IF($A5="","",$H5*$I5) | K5: =IF($A5="","",$H5+$J5) | L5: 0 | M5: =IF($A5="","",MAX(0,$K5-$L5)) | N5: =IF($A5="","",$C5-TODAY()) | O5: =IF($A5="","",IF($M5=0,"Cobrada",IF($C5<TODAY(),"Vencida",IF($C5-TODAY()<=7,"Próxima a vencer","Pendiente")))) | P5: =IF($A5="","",IF(AND($M5>0,$C5<TODAY()),TODAY()-$C5,0)) | Q5: Reclamación enviada
A6: FE-2026-005 | B6: 46154 | C6: 46184 | D6: Marta Sánchez | E6: 56789012H | F6: Zaragoza | G6: Venta de material | H6: 450 | I6: 0.04 | J6: =IF($A6="","",$H6*$I6) | K6: =IF($A6="","",$H6+$J6) | L6: 468 | M6: =IF($A6="","",MAX(0,$K6-$L6)) | N6: =IF($A6="","",$C6-TODAY()) | O6: =IF($A6="","",IF($M6=0,"Cobrada",IF($C6<TODAY(),"Vencida",IF($C6-TODAY()<=7,"Próxima a vencer","Pendiente")))) | P6: =IF($A6="","",IF(AND($M6>0,$C6<TODAY()),TODAY()-$C6,0)) | Q6: Pago completo recibido
A7: FE-2026-006 | B7: 46197 | C7: 46227 | D7: Pablo Romero | E7: 67890123J | F7: Málaga | G7: Servicios de marketing | H7: 1750 | I7: 0.21 | J7: =IF($A7="","",$H7*$I7) | K7: =IF($A7="","",$H7+$J7) | L7: 1000 | M7: =IF($A7="","",MAX(0,$K7-$L7)) | N7: =IF($A7="","",$C7-TODAY()) | O7: =IF($A7="","",IF($M7=0,"Cobrada",IF($C7<TODAY(),"Vencida",IF($C7-TODAY()<=7,"Próxima a vencer","Pendiente")))) | P7: =IF($A7="","",IF(AND($M7>0,$C7<TODAY()),TODAY()-$C7,0)) | Q7: Segundo pago pendiente
A8: FE-2026-007 | B8: 46221 | C8: 46251 | D8: Carmen Torres | E8: 78901234K | F8: Bilbao | G8: Desarrollo de aplicación | H8: 3200 | I8: 0.21 | J8: =IF($A8="","",$H8*$I8) | K8: =IF($A8="","",$H8+$J8) | L8: 0 | M8: =IF($A8="","",MAX(0,$K8-$L8)) | N8: =IF($A8="","",$C8-TODAY()) | O8: =IF($A8="","",IF($M8=0,"Cobrada",IF($C8<TODAY(),"Vencida",IF($C8-TODAY()<=7,"Próxima a vencer","Pendiente")))) | P8: =IF($A8="","",IF(AND($M8>0,$C8<TODAY()),TODAY()-$C8,0)) | Q8: Pendiente de contacto
A9: FE-2026-008 | B9: 46239 | C9: 46275 | D9: Javier Molina | E9: 89012345L | F9: Murcia | G9: Soporte técnico mensual | H9: 980 | I9: 0.21 | J9: =IF($A9="","",$H9*$I9) | K9: =IF($A9="","",$H9+$J9) | L9: 0 | M9: =IF($A9="","",MAX(0,$K9-$L9)) | N9: =IF($A9="","",$C9-TODAY()) | O9: =IF($A9="","",IF($M9=0,"Cobrada",IF($C9<TODAY(),"Vencida",IF($C9-TODAY()<=7,"Próxima a vencer","Pendiente")))) | P9: =IF($A9="","",IF(AND($M9>0,$C9<TODAY()),TODAY()-$C9,0)) | Q9: Recordatorio programado
A10: FE-2026-009 | B10: 46262 | C10: 46292 | D10: Laura Ortega | E10: 90123456M | F10: Alicante | G10: Diseño de identidad visual | H10: 1450 | I10: 0.21 | J10: =IF($A10="","",$H10*$I10) | K10: =IF($A10="","",$H10+$J10) | L10: 0 | M10: =IF($A10="","",MAX(0,$K10-$L10)) | N10: =IF($A10="","",$C10-TODAY()) | O10: =IF($A10="","",IF($M10=0,"Cobrada",IF($C10<TODAY(),"Vencida",IF($C10-TODAY()<=7,"Próxima a vencer","Pendiente")))) | P10: =IF($A10="","",IF(AND($M10>0,$C10<TODAY()),TODAY()-$C10,0)) | Q10: Factura enviada al cliente
J11: =IF($A11="","",$H11*$I11) | K11: =IF($A11="","",$H11+$J11) | M11: =IF($A11="","",MAX(0,$K11-$L11)) | N11: =IF($A11="","",$C11-TODAY()) | O11: =IF($A11="","",IF($M11=0,"Cobrada",IF($C11<TODAY(),"Vencida",IF($C11-TODAY()<=7,"Próxima a vencer","Pendiente")))) | P11: =IF($A11="","",IF(AND($M11>0,$C11<TODAY()),TODAY()-$C11,0))
J12: =IF($A12="","",$H12*$I12) | K12: =IF($A12="","",$H12+$J12) | M12: =IF($A12="","",MAX(0,$K12-$L12)) | N12: =IF($A12="","",$C12-TODAY()) | O12: =IF($A12="","",IF($M12=0,"Cobrada",IF($C12<TODAY(),"Vencida",IF($C12-TODAY()<=7,"Próxima a vencer","Pendiente")))) | P12: =IF($A12="","",IF(AND($M12>0,$C12<TODAY()),TODAY()-$C12,0))
J13: =IF($A13="","",$H13*$I13) | K13: =IF($A13="","",$H13+$J13) | M13: =IF($A13="","",MAX(0,$K13-$L13)) | N13: =IF($A13="","",$C13-TODAY()) | O13: =IF($A13="","",IF($M13=0,"Cobrada",IF($C13<TODAY(),"Vencida",IF($C13-TODAY()<=7,"Próxima a vencer","Pendiente")))) | P13: =IF($A13="","",IF(AND($M13>0,$C13<TODAY()),TODAY()-$C13,0))
J14: =IF($A14="","",$H14*$I14) | K14: =IF($A14="","",$H14+$J14) | M14: =IF($A14="","",MAX(0,$K14-$L14)) | N14: =IF($A14="","",$C14-TODAY()) | O14: =IF($A14="","",IF($M14=0,"Cobrada",IF($C14<TODAY(),"Vencida",IF($C14-TODAY()<=7,"Próxima a vencer","Pendiente")))) | P14: =IF($A14="","",IF(AND($M14>0,$C14<TODAY()),TODAY()-$C14,0))
J15: =IF($A15="","",$H15*$I15) | K15: =IF($A15="","",$H15+$J15) | M15: =IF($A15="","",MAX(0,$K15-$L15)) | N15: =IF($A15="","",$C15-TODAY()) | O15: =IF($A15="","",IF($M15=0,"Cobrada",IF($C15<TODAY(),"Vencida",IF($C15-TODAY()<=7,"Próxima a vencer","Pendiente")))) | P15: =IF($A15="","",IF(AND($M15>0,$C15<TODAY()),TODAY()-$C15,0))
J16: =IF($A16="","",$H16*$I16) | K16: =IF($A16="","",$H16+$J16) | M16: =IF($A16="","",MAX(0,$K16-$L16)) | N16: =IF($A16="","",$C16-TODAY()) | O16: =IF($A16="","",IF($M16=0,"Cobrada",IF($C16<TODAY(),"Vencida",IF($C16-TODAY()<=7,"Próxima a vencer","Pendiente")))) | P16: =IF($A16="","",IF(AND($M16>0,$C16<TODAY()),TODAY()-$C16,0))
J17: =IF($A17="","",$H17*$I17) | K17: =IF($A17="","",$H17+$J17) | M17: =IF($A17="","",MAX(0,$K17-$L17)) | N17: =IF($A17="","",$C17-TODAY()) | O17: =IF($A17="","",IF($M17=0,"Cobrada",IF($C17<TODAY(),"Vencida",IF($C17-TODAY()<=7,"Próxima a vencer","Pendiente")))) | P17: =IF($A17="","",IF(AND($M17>0,$C17<TODAY()),TODAY()-$C17,0))
J18: =IF($A18="","",$H18*$I18) | K18: =IF($A18="","",$H18+$J18) | M18: =IF($A18="","",MAX(0,$K18-$L18)) | N18: =IF($A18="","",$C18-TODAY()) | O18: =IF($A18="","",IF($M18=0,"Cobrada",IF($C18<TODAY(),"Vencida",IF($C18-TODAY()<=7,"Próxima a vencer","Pendiente")))) | P18: =IF($A18="","",IF(AND($M18>0,$C18<TODAY()),TODAY()-$C18,0))
J19: =IF($A19="","",$H19*$I19) | K19: =IF($A19="","",$H19+$J19) | M19: =IF($A19="","",MAX(0,$K19-$L19)) | N19: =IF($A19="","",$C19-TODAY()) | O19: =IF($A19="","",IF($M19=0,"Cobrada",IF($C19<TODAY(),"Vencida",IF($C19-TODAY()<=7,"Próxima a vencer","Pendiente")))) | P19: =IF($A19="","",IF(AND($M19>0,$C19<TODAY()),TODAY()-$C19,0))
J20: =IF($A20="","",$H20*$I20) | K20: =IF($A20="","",$H20+$J20) | M20: =IF($A20="","",MAX(0,$K20-$L20)) | N20: =IF($A20="","",$C20-TODAY()) | O20: =IF($A20="","",IF($M20=0,"Cobrada",IF($C20<TODAY(),"Vencida",IF($C20-TODAY()<=7,"Próxima a vencer","Pendiente")))) | P20: =IF($A20="","",IF(AND($M20>0,$C20<TODAY()),TODAY()-$C20,0))
J21: =IF($A21="","",$H21*$I21) | K21: =IF($A21="","",$H21+$J21) | M21: =IF($A21="","",MAX(0,$K21-$L21)) | N21: =IF($A21="","",$C21-TODAY()) | O21: =IF($A21="","",IF($M21=0,"Cobrada",IF($C21<TODAY(),"Vencida",IF($C21-TODAY()<=7,"Próxima a vencer","Pendiente")))) | P21: =IF($A21="","",IF(AND($M21>0,$C21<TODAY()),TODAY()-$C21,0))
J22: =IF($A22="","",$H22*$I22) | K22: =IF($A22="","",$H22+$J22) | M22: =IF($A22="","",MAX(0,$K22-$L22)) | N22: =IF($A22="","",$C22-TODAY()) | O22: =IF($A22="","",IF($M22=0,"Cobrada",IF($C22<TODAY(),"Vencida",IF($C22-TODAY()<=7,"Próxima a vencer","Pendiente")))) | P22: =IF($A22="","",IF(AND($M22>0,$C22<TODAY()),TODAY()-$C22,0))
... J101: =IF($A101="","",$H101*$I101) | K101: =IF($A101="","",$H101+$J101) | M101: =IF($A101="","",MAX(0,$K101-$L101)) | N101: =IF($A101="","",$C101-TODAY()) | O101: =IF($A101="","",IF($M101=0,"Cobrada",IF($C101<TODAY(),"Vencida",IF($C101-TODAY()<=7,"Próxima a vencer","Pendiente")))) | P101: =IF($A101="","",IF(AND($M101>0,$C101<TODAY()),TODAY()-$C101,0))

Sheet Resumen
A1: Panel de control de vencimientos de facturas emitidas
A2: Indicador | B2: Valor
A3: Total facturado | B3: =SUM('Facturas emitidas'!$K$2:$K$101)
A4: Total cobrado | B4: =SUM('Facturas emitidas'!$L$2:$L$101)
A5: Total pendiente | B5: =SUM('Facturas emitidas'!$M$2:$M$101)
A6: Total vencido | B6: =SUMIF('Facturas emitidas'!$O$2:$O$101,"Vencida",'Facturas emitidas'!$M$2:$M$101)
A7: Número total de facturas | B7: =COUNTA('Facturas emitidas'!$A$2:$A$101)
A8: Número de facturas vencidas | B8: =COUNTIF('Facturas emitidas'!$O$2:$O$101,"Vencida")
A9: Porcentaje cobrado | B9: =IFERROR($B$4/$B$3,0)
A10: Porcentaje pendiente | B10: =IFERROR($B$5/$B$3,0)
A11: Días medios hasta vencimiento | B11: =IFERROR(AVERAGE('Facturas emitidas'!$N$2:$N$101),0)
A14: Estado | B14: Nº facturas | C14: Importe pendiente | D14: % del pendiente | F14: Consulta de cliente | G14: Resultado
A15: Cobrada | B15: =COUNTIF('Facturas emitidas'!$O$2:$O$101,$A15) | C15: =SUMIF('Facturas emitidas'!$O$2:$O$101,$A15,'Facturas emitidas'!$M$2:$M$101) | D15: =IFERROR($C15/$B$5,0) | F15: Cliente seleccionado
A16: Pendiente | B16: =COUNTIF('Facturas emitidas'!$O$2:$O$101,$A16) | C16: =SUMIF('Facturas emitidas'!$O$2:$O$101,$A16,'Facturas emitidas'!$M$2:$M$101) | D16: =IFERROR($C16/$B$5,0) | F16: NIF/CIF | G16: =IF($G$15="","",IFERROR(VLOOKUP($G$15,'Facturas emitidas'!$D$2:$F$101,2,FALSE),"Cliente no encontrado"))
A17: Próxima a vencer | B17: =COUNTIF('Facturas emitidas'!$O$2:$O$101,$A17) | C17: =SUMIF('Facturas emitidas'!$O$2:$O$101,$A17,'Facturas emitidas'!$M$2:$M$101) | D17: =IFERROR($C17/$B$5,0) | F17: Ciudad | G17: =IF($G$15="","",IFERROR(VLOOKUP($G$15,'Facturas emitidas'!$D$2:$F$101,3,FALSE),"Cliente no encontrado"))
A18: Vencida | B18: =COUNTIF('Facturas emitidas'!$O$2:$O$101,$A18) | C18: =SUMIF('Facturas emitidas'!$O$2:$O$101,$A18,'Facturas emitidas'!$M$2:$M$101) | D18: =IFERROR($C18/$B$5,0) | F18: Pendiente del cliente | G18: =IF($G$15="","",IFERROR(VLOOKUP($G$15,'Facturas emitidas'!$D$2:$M$101,10,FALSE),0))

Sheet Instrucciones
A1: Guía de uso del control de vencimientos
A2: Paso | B2: Instrucción
A3: 1 | B3: Registrar cada factura emitida con número correlativo.
A4: 2 | B4: Introducir las fechas de emisión y vencimiento en formato DD/MM/AAAA.
A5: 3 | B5: Seleccionar el tipo de IVA aplicable: 21%, 10% o 4%.
A6: 4 | B6: Actualizar el importe cobrado cuando se reciba el pago, incluso si es parcial.
A7: 5 | B7: Revisar semanalmente las facturas próximas a vencer y las vencidas.
A8: 6 | B8: Consultar el panel Resumen para controlar importes facturados, cobrados y pendientes.
A9: 7 | B9: Verificar los datos antes de preparar el modelo 303 de IVA.
A10: 8 | B10: Tratar los datos de clientes conforme al RGPD, la LOPDGDD y los criterios de la AEPD.
A11: 9 | B11: Las celdas amarillas son campos editables; las demás contienen cálculos automáticos.
A13: Nota | B13: Este libro sirve como apoyo de gestión y debe revisarse antes de cualquier presentación fiscal.
